Map: 킹스 코브 - 래더

Players

sOs - Winner!

  • Race: Protoss Protoss
  • Spawn Location: 5:00

Awers

  • Race: Terran Terran
  • Spawn Location: 11:00

Event: IEM Season 13: Katowice (2019)

VOD

Have the link to the VOD?

Description

Time

  • Played on: Feb. 25, 2019, 4:27 a.m.
  • Length: 8:37

All games in this series

Show
View Real Time Build Order
Export as new Build Order

sOs Protoss - Winner!

Build Orders: 1 Gate Expand 

Get SALT Encoding   

  12  0:00  Probe  
  13  0:12  Probe  
  14  0:18  Pylon  
  14  0:24  Probe  
  15  0:32  Probe  
  15  0:38  Gateway  
  15  0:40  Probe  
  16  0:46  Assimilator  
  17  0:51  Probe  
  18  1:03  Probe  
  19  1:15  Probe  
  20  1:22  Nexus  
  20  1:33  Cybernetics Core  
  20  1:35  Probe  
  21  1:40  Assimilator  
  21  1:47  Probe  
  21  1:51  Pylon  
  22  1:59  Stalker, Probe  
  23  2:10  Warp Gate  
  23  2:12  Probe  
  24  2:24  Probe  
  23  2:35  Robotics Facility  
  23  2:39  Probe  
  23  2:43  Probe  
  25  2:52  Stalker  
  25  2:54  Probe  
  25  2:55  Probe  
  28  3:02  Probe  
  28  3:03  Probe  
  29  3:12  Probe  
  31  3:13  Shield Battery  
  31  3:16  Probe  
  32  3:23  Observer  
  33  3:28  Probe  
  33  3:29  Probe  
  33  3:30  Stalker  
  37  3:36  Probe  
  37  3:37  Probe  
  39  3:44  Observer, Probe  
  39  3:45  Probe  
  42  3:59  Pylon, Probe  
  42  4:00  Probe  
  44  4:05  Warp Prism  
  44  4:09  Gateway  
  46  4:11  Twilight Council  
  46  4:14  Blink  
  46  4:17  Probe x2  
  46  4:20  Stalker  
  50  4:26  Pylon  
  50  4:32  Probe x2  
  50  4:33  Gateway  
  52  4:46  Stalker  
  52  4:48  Assimilator  
  54  4:53  Probe x2  
  56  5:08  Gateway  
  56  5:10  Stalker x2  
  56  5:12  Gateway  
  56  5:14  Probe  
  59  5:15  Gateway  
  59  5:21  Pylon  
  59  5:23  Warp Prism  
  61  5:37  Nexus  
  61  5:44  Pylon  
  61  5:52  Stalker x3  
  61  5:55  Probe x2  
  69  5:59  Pylon  
  69  6:06  Observer  
  69  6:08  Probe x2  
  71  6:19  Pylon  
  71  6:20  Probe x2  
  73  6:30  Stalker x5  
  73  6:31  Charge  
  83  6:34  Observer  
  72  6:51  Gateway x2  
  72  6:56  Observer  
  72  6:57  Stalker x3  
  72  6:58  Sentry  
  81  7:03  Probe x3  
  84  7:10  Observer  
  80  7:20  Zealot x5  
  80  7:21  Zealot  
  92  7:33  Probe x3  
  92  7:35  Pylon  
  95  7:47  Zealot x7  
  109  7:52  Pylon  
  109  7:53  Probe  
  109  7:56  Zealot  
  112  8:11  Zealot  
  112  8:12  Zealot x5  
  100  8:34  Zealot x7  
  101  8:35  Zealot  
Show
View Real Time Build Order
Export as new Build Order

Awers Terran 

Build Orders: 2 Factory, Cyclone Opening, Mech 

Get SALT Encoding   

  12  0:00  SCV  
  13  0:12  SCV  
  14  0:18  Supply Depot  
  14  0:25  SCV  
  15  0:40  SCV  
  15  0:41  Barracks  
  16  0:49  Refinery  
  16  0:53  SCV  
  17  0:57  Refinery  
  17  1:05  SCV  
  18  1:17  SCV  
  19  1:29  Orbital Command, Reaper  
  20  1:37  Supply Depot  
  20  1:46  Factory  
  20  1:55  SCV  
  21  2:02  Reaper  
  21  2:07  SCV  
  23  2:21  SCV  
  24  2:30  Factory Tech Lab  
  24  2:33  SCV  
  25  2:44  Command Center  
  25  2:49  Cyclone  
  25  2:50  SCV  
  29  2:56  Supply Depot  
  29  3:01  Mag-Field Accelerator  
  29  3:06  SCV  
  30  3:16  Factory  
  31  3:20  SCV  
  31  3:26  Cyclone  
  34  3:32  SCV  
  35  3:38  Factory  
  35  3:47  SCV  
  36  3:59  SCV  
  36  4:00  Cyclone  
  36  4:01  Factory Tech Lab  
  40  4:08  Refinery  
  40  4:11  SCV  
  41  4:21  Factory Tech Lab  
  41  4:22  Orbital Command  
  41  4:23  SCV  
  42  4:25  Cyclone  
  45  4:35  SCV  
  46  4:39  Cyclone  
  46  4:45  Supply Depot  
  48  4:48  SCV  
  48  4:49  SCV  
  50  5:00  SCV  
  50  5:01  SCV  
  50  5:03  Factory  
  52  5:12  SCV  
  52  5:13  SCV  
  54  5:15  Siege Tank  
  54  5:19  Supply Depot  
  56  5:24  SCV, Cyclone  
  56  5:25  SCV  
  61  5:32  Barracks  
  61  5:36  SCV  
  61  5:40  SCV, Cyclone  
  61  5:41  Supply Depot  
  66  5:46  Refinery  
  66  5:48  Factory Reactor  
  66  5:49  Supply Depot  
  66  5:56  Cyclone  
  69  6:00  SCV  
  69  6:03  SCV  
  69  6:04  Cyclone  
  74  6:12  Armory  
  74  6:13  SCV  
  74  6:15  Engineering Bay  
  74  6:17  Supply Depot  
  75  6:24  Cyclone  
  78  6:26  SCV  
  79  6:43  Cyclone  
  79  6:44  SCV, Factory Reactor  
  80  6:48  Command Center, SCV  
  80  6:50  Cyclone  
  80  6:51  Missile Turret  
  84  6:56  SCV  
  85  7:02  SCV  
  85  7:05  Drilling Claws  
  77  7:12  Cyclone  
  77  7:13  SCV  
  81  7:17  Cyclone  
  81  7:18  SCV  
  81  7:21  Widow Mine x2  
  89  7:25  Supply Depot  
  89  7:26  Supply Depot  
  89  7:27  Supply Depot  
  89  7:30  SCV  
  89  7:32  Cyclone  
  89  7:36  Supply Depot x2  
  93  7:40  Barracks  
  93  7:42  SCV  
  94  7:50  Cyclone  
  99  7:51  Widow Mine  
  99  7:52  Widow Mine  
  99  7:55  Widow Mine  
  103  8:06  SCV  
  103  8:07  SCV  
  105  8:18  SCV  
  106  8:23  Refinery  

Tags
 
Add a new tag
Caveats
  • Supply blocks, unpowered buildings, or Contaminate may cause inaccurate times.
  • Supply counts are checked every 10 seconds.